 Dungeon Crawl Stone Soup version 0.31.0-32-g396128a36d (webtiles) character file.

Game seed: 10630355492384137784

2206 AdnanSaban the Cudgeller (level 9, -2/54 HPs)
             Began as a Gargoyle Fighter on Apr 12, 2024.
             Was a Follower of Okawaru.
             Shot with a bolt by an orc warrior (11 damage)
             ... on level 7 of the Dungeon.
             The game lasted 00:12:15 (7186 turns).

AdnanSaban the Cudgeller (Gargoyle Fighter)         Turns: 7186, Time: 00:12:16

Health: -2/54      AC: 18    Str: 25    XL:     9   Next: 34%
Magic:  9/9        EV:  9    Int:  8    God:    Okawaru [*.....]
Gold:   342        SH:  5    Dex:  9    Spells: 8/8 levels left

rFire   . . .        v - +4 mace
rCold   . . .        c - +0 buckler
rNeg    + + .        b - +0 chain mail
rPois   ∞            f - +0 helmet
rElec   +            (no cloak)
rCorr   .            (no gloves)
SInv    .            (no boots)
Will    .....        (no amulet)
Stlth   x              - ring of flight
HPRegen 0.29/turn    A - ring of positive energy
MPRegen 0.11/turn

%: no passive effects
@: flying
A: sickness immunity, AC +6, negative energy resistance 1, electricity
resistance, torment resistance 1, petrification resistance
a: Renounce Religion, Heroism


You were on level 7 of the Dungeon.
You worshipped Okawaru.
Okawaru was aware of your devotion.
You visited 2 branches of the dungeon, and saw 8 of its levels.

You collected 342 gold pieces.

Inventory:

Hand Weapons
 a - a +0 flail
 v - a +4 mace (weapon)
Missiles
 n - 7 poisoned darts (quivered)
 t - 2 boomerangs
Armour
 b - a +0 chain mail (worn)
 c - a +0 buckler (worn)
 f - a +0 helmet (worn)
Jewellery
 x - a ring of flight (left hand)
 A - a ring of positive energy (right hand)
Wands
 s - a wand of mindburst (12)
 y - a wand of acid (3)
Scrolls
 e - 5 scrolls of teleportation {unknown}
 h - 5 scrolls of identify {unknown}
 m - a scroll of immolation {unknown}
 p - 3 scrolls of noise {unknown}
 q - 3 scrolls of fog {unknown}
 r - a scroll of amnesia {unknown}
 u - a scroll of blinking {unknown}
 z - a scroll of brand weapon {unknown}
Potions
 d - 3 potions of might
 g - a potion of heal wounds {unknown}
 i - 3 potions of curing {unknown}
 j - 2 potions of lignification {unknown}
 k - a potion of enlightenment {unknown}
 l - 2 potions of mutation {unknown}
 o - a potion of degeneration {unknown}
 w - a potion of brilliance {unknown}


   Skills:
 + Level 5.6 Fighting
 + Level 7.7 Maces & Flails
 + Level 2.1 Throwing
 + Level 7.0 Armour
 + Level 2.7 Dodging
 + Level 0.6 Stealth
 + Level 5.9 Shields


You had 8 spell levels left.
You didn't know any spells.
Your spell library contained the following spells:

 Spells                   Type           Power      Damage    Failure   Level
 Ensorcelled Hibernation  Hex/Ice        0%         N/A       98%         2
 Fugue of the Fallen      Necr           0%         N/A       100%        3
 Stone Arrow              Conj/Erth      0%         3d7       100%        3
 Anguish                  Hex/Necr       0%         N/A       100%        4
 Dimensional Bullseye     Hex/Tloc       0%         N/A       100%        4
 Iskenderun's Mystic Bla  Conj/Tloc      0%         2d3       100%        4
 Sticky Flame             Fire/Alch      0%         2d4       100%        4
 Conjure Ball Lightning   Conj/Air       0%         3x3d6     100%        6
 Discord                  Hex            0%         N/A       100%        8
 Disjunction              Tloc           0%         N/A       100%        8
 Shatter                  Erth           0%         3d5*      100%        9
 Tukima's Dance           Hex            Unusable   N/A       N/A         3

Dungeon Overview and Level Annotations

Branches:
Dungeon (7/15)             Temple (1/1) D:5

Altars:
Ashenzari
Elyvilon
Fedhas
Hepliaklqana
Nemelex Xobeh
Okawaru
Ru
Trog
Uskayaw
Vehumet
Wu Jian
Xom
Yredelemnul
Zin
The Shining One

Shops:
D:1 [


Innate Abilities, Weirdness & Mutations

You are immune to sickness and miasma.
Your stone body is resilient. (AC +6)
You are immune to poison.
You resist negative energy. (rN+)
You are resistant to electric shocks. (rElec)
You are resistant to unholy torment.
You are immune to petrification.


Message History

There is an open door here.
There is a stone staircase leading down here.
You fly downwards.
Found a dented steel amulet.
There is a stone staircase leading up here.
Found 2 stones.
No target in view!
B - an amulet of faith
Okay, then.
You drop an amulet of faith.
You see here 2 stones.
You now have 342 gold pieces (gained 18).
An orc wizard comes into view. It is wielding a +0 dagger.
The orc wizard shouts!
You hear a shout!
The orc wizard points at you and mumbles some strange words.
The magic dart hits you but does no damage.
An orc warrior comes into view. It is wielding a +0 scimitar.
You hear a shout!
The orc wizard casts a spell at you. The puff of flame hits you.
The orc warrior unwields a +0 scimitar.
The orc warrior wields a +0 arbalest.
The orc warrior shoots a bolt.
The bolt hits you!
An orc priest comes into view. It is wielding a +0 whip.
An orc comes into view. It is wielding a +0 trident.
The orc warrior shoots a bolt.
The bolt hits you.
The orc priest calls down the wrath of Beogh upon you.
Beogh smites you! The orc wizard casts a spell at you.
The magic dart hits you but does no damage.
The orc priest invokes the aid of Beogh against you.
Beogh smites you!
* * * LOW HITPOINT WARNING * * *
The orc warrior shoots a bolt.
The bolt barely misses you.
The orc warrior shoots a bolt.
The bolt hits you.
* * * LOW HITPOINT WARNING * * *
The orc warrior shoots a bolt.
The bolt hits you.
* * * LOW HITPOINT WARNING * * *
There is a stone staircase leading up here.
The orc warrior shoots a bolt.
The bolt hits you!
You die...

### ##.####
##.....##
##.......##
#.........#
##.(.......##
#..........@#
##........o..#
#...........## #
#.....o.....#
o####..........##
....#....o.....#
###o.....o....##
####....."..#
###......#


You could see an orc warrior, an orc priest, an orc wizard and an orc.

Vanquished Creatures
  Grinder (D:5)
  Sigmund (D:2)
  Duvessa (D:6)
  A black bear (D:5)
  2 ogres (D:5)
  2 centaurs (D:6)
  3 phantoms
  Blork the orc (D:6)
  A kobold brigand (D:6)
  A scorpion (D:6)
  3 wights
  Dowan (D:6)
  2 howler monkeys
  2 jellies
  A bombardier beetle (D:5)
  2 hounds
  An orc priest (D:3)
  3 iguanas
  A sleepcap (D:6)
  Terence (D:3)
  2 orc wizards
  8 gnolls
  8 adders
  A white imp (D:6)
  4 ufetubi (D:6)
  2 dart slugs
  15 orcs
  13 ball pythons
  6 bats
  8 endoplasms
  5 giant cockroaches
  6 goblins
  3 hobgoblins
  4 jackals (D:2)
  16 kobolds
  4 quokkas
  3 frilled lizards (D:1)
  4 rats
143 creatures vanquished.

Notes
Turn   | Place    | Note
-------+----------+-------------------------------------------
     0 | D:1      | AdnanSaban the Gargoyle Fighter began the quest for the
                  | Orb.
     0 | D:1      | Reached XP level 1. HP: 14/14 MP: 1/1
   219 | D:1      | Reached XP level 2. HP: 12/19 MP: 2/2
   283 | D:1      | You fall into a shaft and drop 1 floor!
   305 | D:1      | Found a faded altar of an unknown god.
   329 | D:1      | Found Ciexic's Armour Shoppe.
   554 | D:1      | Reached XP level 3. HP: 23/23 MP: 3/3
  1121 | D:2      | Noticed Sigmund
  1223 | D:2      | Killed Sigmund
  1224 | D:2      | Reached skill level 1 in Dodging
  1224 | D:2      | Reached XP level 4. HP: 12/29 MP: 4/4
  1224 | D:2      | Reached XP level 5. HP: 14/33 MP: 5/5
  1979 | D:3      | Reached XP level 6. HP: 34/38 MP: 6/6
  2040 | D:3      | Noticed Terence
  2059 | D:3      | Killed Terence
  3086 | D:3      | Reached skill level 5 in Armour
  3086 | D:3      | Reached XP level 7. HP: 36/43 MP: 7/7
  3510 | D:4      | Got the Octavo of the Quarry and Incandescence
  3807 | D:5      | Entered Level 5 of the Dungeon
  3807 | D:5      | Found a staircase to the Ecumenical Temple.
  3815 | Temple   | Entered the Ecumenical Temple
  3876 | D:5      | Found a hazy altar of Hepliaklqana.
  4193 | D:5      | Reached skill level 5 in Maces & Flails
  4326 | D:5      | Found a sparkling altar of Nemelex Xobeh.
  5041 | D:5      | Reached skill level 5 in Shields
  5041 | D:5      | Reached XP level 8. HP: 36/48 MP: 8/8
  5140 | D:5      | Found an iron altar of Okawaru.
  5239 | D:5      | Became a worshipper of Warmaster Okawaru
  5508 | D:5      | Reached skill level 5 in Fighting
  5508 | D:5      | Reached skill level 1 in Throwing
  5988 | D:6      | Noticed Grinder
  5995 | D:5      | Paralysed by Grinder for 3 turns
  6000 | D:5      | Killed Grinder
  6119 | D:6      | Reached * piety under Okawaru
  6201 | D:6      | Reached XP level 9. HP: 43/54 MP: 9/9
  6278 | D:6      | Noticed Duvessa
  6279 | D:6      | Noticed Dowan
  6307 | D:6      | Killed Duvessa
  6388 | D:6      | Killed Dowan
  6613 | D:6      | Noticed Blork the orc
  6655 | D:6      | Killed Blork the orc
  7186 | D:7      | Shot with a bolt by an orc warrior

Illustrated notes

Levels and vault maps discovered:
D:1:      minmay_arrival_arboretum_small, layout_loops_corners,
          basic_ecumenical_altar, serial_shops, shop, minmay_tromino_v2
D:2:      layout_basic, uniq_sigmund
D:3:      layout_basic, uniq_terence
D:4:      layout_basic
D:5:      layout_loops_corners, kennysheep_little_box,
          nzn_hepliaklqana_mist_gate, kennysheep_okawaru_gauntlet,
          temple_statues
D:6:      layout_basic, uniq_duvessa, uniq_blork_the_orc, uniq_grinder
D:7:      layout_cave_pods
Temple:   hellmonk_temple_two_chambers

Skill      XL: |  1  2  3  4  5  6  7  8  9 |
---------------+----------------------------+-----
Armour         | 4 5 6 7 |  7.0
Maces & Flails | 3 4 5 7 |  7.7
Dodging        | 1 2 |  2.7
Shields        | 4 5 |  5.9
Fighting       | 4 5 |  5.6
Throwing       | 1 2 |  2.1
Stealth        | |  0.6

Action                     |  1- 3 |  4- 6 |  7- 9 || total
---------------------------+-------+-------+-------++-------
  Melee: Flail             |   120 |   170 |   228 ||   518
         Mace              |       |       |   140 ||   140
  Throw: Dart              |       |     4 |    38 ||    42
 Armour: Scale mail        |   122 |   192 |   187 ||   501
         Chain mail        |       |       |   160 ||   160
  Dodge: Dodged            |    71 |   108 |   276 ||   455
  Block: Buckler           |    25 |    58 |   125 ||   208
